Cogmind - Beta 13 X2 @@@ ROGUE MODE // 2024.02.09 @ 20:13:00 // Winter2022/Polymind Player: Minty Result: Destroyed by G-47 Trooper with Particle Gun Performance ------------- Evolutions (0) 0 Regions Visited (1) 200 Robots Destroyed (5) 25 Value Destroyed (102) 102 Prototype IDs (0) 0 Alien Tech Used (0) 0 Bonus (520) 520 TOTAL SCORE: 447 Bonus ------- Polymind Skill 520 Cogmind --------- Core Integrity 0/250 Matter 0/0 Energy 15/100 System Corruption 0% Temperature Cool (9) Movement Core (50) Location -10/Materials Parts ------- > --- POWER (1) -------- (None) > --- PROPULSION (2) --- (None) > --- UTILITY (1) ------ (None) > --- WEAPON (1) ------- (None) > --- INVENTORY (0) ---- (None) Peak State ------------ > --- POWER ------------ Ion Engine > --- PROPULSION ------- Aluminum Leg Aluminum Leg > --- UTILITY ---------- Heat Sink > --- WEAPON ----------- Small Laser > --- INVENTORY -------- (None) [Rating: 5] Favorites ----------- Power Ion Engine Engine Ion Engine Propulsion Aluminum Leg Leg Aluminum Leg Flight Unit Flight Unit Utility Heat Sink Device Heat Sink Weapon Small Laser Energy Gun Small Laser Ballistic Gun Light Assault Rifle Build | -11 -10 ------- Run | Yrd Mat Slots Evolved . | . . Power . | . . Propulsion . | . . Utility . | . . Weapon . | . . Parts Attached . | . . Power . | . . Engine . | . . Core . | . . Reactor . | . . Propulsion . | . . Treads . | . . Leg . | . . Wheel . | . . Hover . | . . Flight . | . . Utility . | . . Device . | . . Storage . | . . Processor . | . . Hackware . | . . Protection . | . . Artifact . | . . Weapon . | . . Energy Gun . | . . Energy Cannon . | . . Ballistic Gun . | . . Ballistic Cannon . | . . Launcher . | . . Special Weapon . | . . Impact Weapon . | . . Slashing Weapon . | . . Piercing Weapon . | . . Special Melee Weapon . | . . Unidentified Prototypes . | . . Parts Lost 8 | . 8 Power 2 | . 2 Propulsion 3 | . 3 Utility 1 | . 1 Weapon 2 | . 2 Highest Loss Streak 4 | . 4 To Critical Strikes . | . . Average Slot Usage (%) 80 | . 80 Engine 17 | . 17 Leg 20 | . 20 Flight 13 | . 13 Device 11 | . 11 Energy Gun 10 | . 10 Ballistic Gun 6 | . 6 Naked Turns 36 | . 36 Heaviest Build 7 | . 7 Greatest Support 20 | 3 20 Greatest Overweight (x) . | . . Average Overweight (x) . | . . Largest Inventory Capacity 1 | . 1 Average Capacity . | . . Most Carried . | . . Average Carried . | . . Final Capacity . | . . Final Carried . | . . Class Distribution -------------------- 57% | Grunt 27% | Swarmer 15% | Cogmind Dominant Class ---------------- Grunt | -10/Materials Resources | -11 -10 ----------- Run | Yrd Mat Matter Collected . | . . Remotely . | . . Salvage Created 172 | . 172 Parts 4 | . 4 Haulers Intercepted . | . . Recyclers Shooed . | . . Parts Field Recycled . | . . Retrieved Matter . | . . Parts Self-Destructed . | . . Prevented . | . . Kills | -11 -10 ------- Run | Yrd Mat Combat Hostiles Destroyed 4 | . 4 Guns 4 | . 4 Classes Destroyed 3 | . 3 Worker 1 | . 1 Swarmer 2 | . 2 Grunt 2 | . 2 Best Kill Streak 2 | . 2 Combat Bots Only 1 | . 1 Max Kills in Single Turn 1 | . 1 Gunslinging . | . . Exploded . | . . Melee . | . . Uniques/NPCs Destroyed . | . . Combat | -11 -10 -------- Run | Yrd Mat Hostile Shots Fired 117 | . 117 Missed 36 | . 36 Damage Taken 982 | . 982 Core 251 | . 251 Absorbed by Shields . | . . Core Remaining (%) 100 | 100 . Volleys Fired 74 | . 74 Largest 1 | . 1 Hottest 40 | . 40 Shots Fired 74 | . 74 Gun 74 | . 74 Cannon . | . . Launcher . | . . Special . | . . Kinetic 32 | . 32 Thermal 42 | . 42 Explosive . | . . Electromagnetic . | . . Robot Hit Streak 11 | . 11 Robot Miss Streak 4 | . 4 Penetration Max . | . . Secondary Targets . | . . Shots Hit Robots 54 | . 54 Core Hits 11 | . 11 Critical Kills . | . . Critical Parts Destroyed . | . . Critical Strikes . | . . Melee Attacks . | . . Impact . | . . Slashing . | . . Piercing . | . . Sneak Attacks . | . . Combat Hostiles . | . . Follow-up Attacks . | . . Damage Inflicted 568 | . 568 Guns 556 | . 556 Cannons . | . . Explosions . | . . Melee . | . . Ramming 12 | . 12 Kinetic 175 | . 175 Thermal 381 | . 381 Explosive . | . . Electromagnetic . | . . Impact . | . . Slashing . | . . Piercing . | . . Highest Corruption . | . . Average Corruption . | . . Corruption Purged . | . . Corruption Blocked . | . . Overload Shots . | . . Overflow Damage . | . . Projectiles . | . . Explosions . | . . Melee . | . . Knockbacks . | . . Impact . | . . Kinetic . | . . Secondary . | . . Self-Inflicted Damage 5 | . 5 Shots . | . . Rammed 4 | . 4 Targets Rammed 4 | . 4 Kicked . | . . Crushed . | . . Highest Temperature 153 | . 153 Average Temperature 38 | . 38 Received Heat Transfer 483 | . 483 Siege Activations . | . . Robots Corrupted . | . . Combat Hostiles . | . . Parts Fried . | . . Impact Corruptions . | . . Robots Melted . | . . Combat Hostiles . | . . Parts Melted 2 | . 2 Heat Transferred 850 | . 850 Parts Sabotaged . | . . Parts Stolen . | . . Parts Stripped . | . . Power Chain Reactions . | . . Missiles Intercepted . | . . Alert | -11 -10 ------- Run | Yrd Mat Peak Influence 145 | . 145 Initial . | . . Average 89 | . 89 Maximum Alert Level . | . . Low Security (%) 100 | . 100 Level 1 . | . . Level 2 . | . . Level 3 . | . . Level 4 . | . . Level 5 . | . . High Security . | . . Max Security . | . . Squads Dispatched 2 | . 2 Investigation 1 | . 1 Extermination . | . . Reinforcement 1 | . 1 Assault . | . . Garrison . | . . Intercept . | . . Searches Triggered . | . . Construction Impeded . | . . Haulers Reinforced . | . . Active Scanning Responses . | . . Cargo Convoy Interrupts . | . . Stealth | -11 -10 --------- Run | Yrd Mat Distress Signals 2 | . 2 Communications Jammed . | . . Distress Signals . | . . Times Spotted 24 | . 24 Peak Tracking Total 8 | . 8 Tactical Retreats 2 | . 2 Traps | -11 -10 ------- Run | Yrd Mat Traps Triggered . | . . Indirectly . | . . Trap Hack Attempts . | . . Triggered . | . . Disarmed . | . . Reprogrammed . | . . Reused . | . . Traps Extracted . | . . Installed . | . . Triggered . | . . Machines | -11 -10 ---------- Run | Yrd Mat Machines Disabled . | . . Max in Single Turn . | . . Machines Repaired . | . . Machines Dismantled . | . . Machines Sabotaged . | . . Overloaded Fab Kills . | . . Hacking | -11 -10 --------- Run | Yrd Mat Machines Accessed 1 | . 1 Terminals . | . . Fabricators . | . . Repair Stations . | . . Recycling Units 1 | . 1 Scanalyzers . | . . Garrison Access . | . . Total Hacks 1 | . 1 Successful 1 | . 1 Failed . | . . Catastrophic . | . . Database Lockouts . | . . Manual 1 | . 1 Terminals . | . . Fabricators . | . . Repair Stations . | . . Recycling Units 1 | . 1 Scanalyzers . | . . Garrison Access . | . . Terminal Hacks . | . . Fabricator Hacks . | . . Repair Station Hacks . | . . Recycling Unit Hacks . | . . Scanalyzer . | . . Garrison Access Hacks . | . . Unauthorized Hacks 1 | . 1 Terminals . | . . Fabricators . | . . Repair Stations . | . . Recycling Units 1 | . 1 Tunnel 1 | . 1 Scanalyzers . | . . Garrison Access . | . . Data Cores Recovered . | . . Used . | . . Hacking Detections . | . . Full Trace Events . | . . Feedback Events . | . . Feedback Blocked . | . . Robot Schematics Acquired . | . . Robots Built . | . . Authchips . | . . Time . | . . Total Robot Build Rating . | . . Part Schematics Acquired . | . . Parts Built . | . . Authchips . | . . Time . | . . Total Part Build Rating . | . . Parts Repaired . | . . Time . | . . Parts Recycled . | . . Recycled Matter . | . . Retrieved Matter . | . . Retrieved Components . | . . Parts Scanalyzed . | . . Part Schematics Acquired . | . . Parts Damaged . | . . Bothacking | -11 -10 ------------ Run | Yrd Mat Used RIF Installer . | . . Robots Hacked 3 | . 3 Non-combat . | . . Combat 3 | . 3 Robot Hacks Applied 3 | . 3 find_shortcuts 3 | . 3 Relay Couplers Released . | . . Fabnet Peak Effective % . | . . Robots Rewired . | . . Allies Hacked . | . . Hacks Repelled . | . . Allies | -11 -10 -------- Run | Yrd Mat Total Allies . | . . Largest Group . | . . Highest-Rated Group . | . . Highest-Rated Ally . | . . Total Orders . | . . Ally Attacks . | . . Total Damage . | . . Kills . | . . Allies Corrupted . | . . Allies Melted . | . . Intel | -11 -10 ------- Run | Yrd Mat Robot Analysis Total 2 | . 2 Derelict Logs Recovered . | . . Drone Launches . | . . Drone Recoveries . | . . Exploration | -11 -10 ------------- Run | Yrd Mat Turns Passed 238 | . 238 Spaces Moved 129 | 1 128 Core 67 | 1 66 Treads . | . . Legs 43 | . 43 Wheels . | . . Hover . | . . Flight 19 | . 19 Fastest Speed 37 | 50 37 Average Speed 71 | 50 71 Slowest Speed 120 | 50 120 Overloaded Moves . | . . Propulsion Burnouts . | . . Robots Hopped 2 | . 2 Cave-ins Triggered . | . . Exploration Rate (%) 21 | 2 40 Regions Visited 1 Branch Regions . Pre-discovered Areas 1 | . 1 Known Exits Taken . | . . Unknown Exits Taken 1 | 1 . Scrap Searched . | . . Spaces Dug . | . . Terrain Destroyed . | . . Melee . | . . Projectile . | . . AOE . | . . Terrain Rammed . | . . Walls Destroyed . | . . Machines Disabled . | . . Actions | -11 -10 --------- Run | Yrd Mat Total 204 | . 204 Wait . | . . Move 124 | . 124 Hop 2 | . 2 Pick Up . | . . Fast Attach . | . . Attach . | . . Detach . | . . Swap . | . . Drop . | . . Fire 74 | . 74 Melee . | . . Ram 4 | . 4 Kick . | . . Crush . | . . Escape Stasis . | . . Rewire . | . . Trap . | . . Miscellaneous . | . . Route ------- -11/Scrapyard -10/Materials History --------- Turn | Location | Event 1 | -11/Scrapyard | Discovered new exit (range 0) 1 | -11/Scrapyard | Entered Materials 131 | -10/Materials | Lost 4 parts (1p2n1w) 182 | -10/Materials | Core integrity fell below 50% 205 | -10/Materials | Lost 3 parts (1p1n1w) 234 | -10/Materials | Core integrity fell below 20% 239 | -10/Materials | Destroyed by G-47 Trooper with Particle Gun Last Messages --------------- 00174_ K-01 Serf collects debris. 00175_ G-34 Mercenary reactivates. 00175_ Took control of G-34 Mercenary. 00176_ T-07 Excavator is excavating. 00178_ K-01 Serf collects debris. 00180_ T-07 Excavator is excavating. 00184_ K-01 Serf destroyed. 00184_ T-07 Excavator is excavating. 00189_ R-06 Scavenger inserts Sml. Laser into recycling unit. 00191_ T-07 Excavator is excavating. 00214_ Connecting with Recycling Unit... 00214_ Current location identified: Materials >>Force(Tunnel) DISCOVERED[-10/Mines] 00214_ ALERT: Suspicious activity at Recycling Unit M002. Dispatching Investigation squad. 00233_ G-47 Trooper heat short circuits Aluminum Leg. 00235_ Heat Sink destroyed. 00238_ Released control of G-34 Mercenary. 00238_ Slammed into G-47 Trooper. Map ----- +----------------------------------------------------+ | ????????????????????????????????? | | ????????????????????????????????? | | ????????????????????????????????? | | ????????????????????????????????? | | ????????????????????????????????? | | ????????????????????????????????? | | ????????????????????????????????? | | ????????????????????????????????? | | ????????????????????????????????? | | ????????????????????????????????? | | ????????????????????????????????? | | ????????????????????????????????? | | ????????????????????????????????? | | ????????????????????????????????? | | ?##########?????????????????????? | | ?# ! #?????????????????????? | | ?# ![ #?????????????????????? | | ?#/ ! #?????????????????????? | | ?# !#?????????????????????? | | ?# #?????????????????????? | | ?# ! """ #?????????????????????? | | ?# Y" #??????????????????? ? | | ?# """ #?????????????###### ## | | ?# #????????????? # | | ?######g################ # | | ?????# @g # | | ?????# g # | | ?????# """a # | | ?????# "Y" """ """ | | ?????# """ """ | | ?????# """ """ | | ?????# ^ #????? | | ?????# #????? | | ?????# """ """ """ #????? | | ?????# """ """ """ #????? | | ?????# """ """ """= % #????? | | ?????# ^ %% #????? | | ?????# ! #????? | | ?????# #????? | | ?????# #????? | | ?????? #????? | | ???????? ####### #????? | | ????????? ??????# ###### | | ??????????????????# | | ??????????????????# ###### | | ??????????????????# ### #????# | | ??????????????????####??# #????# | | ????????????????????????# #????# | | ????????????????????????# #????# | | ?????????????????????####+###### | +----------------------------------------------------+ Best States ------------- Heat Dissipation 25 Energy Generation 15 Energy Capacity 200 Matter Stores 96 Matter Capacity 100 Sight Range 16 Terrain Scan Density 10 Evasion (%) 62 Item Schematics ----------------- None Robot Schematics ------------------ None Fabricated ------------ Nothing Alien Tech Used ----------------- None Achievements -------------- None Challenges ------------ None Polymind | -11 -10 ---------- Run | Yrd Mat Hosts 3 | . 3 Combat Hostiles 3 | . 3 Allies . | . . Unique Host Classes 2 | . 2 Average Host Suspicion 100 | . 100 Unsuspicious Activity . | . . Returns to Shadow . | . . Fuzzy Dispatches . | . . Protomatter Created 8 | . 8 Used 36 | . 36 Decayed . | . . Highest Spend 15 | . 15 Top 5 Hosts by Kills: S-10 Pest (-10/Materials: 2) G-34 Mercenary (-10/Materials: 2) Game ------ Seed PointLayeredClaw Manual? 0 Play Time 00:03:58 Cumulative 646.0 hours Start 2024.02.09 @ 20:10:53 End 2024.02.09 @ 20:13:00 Sessions 1 Manual Loads 0 Difficulty Rogue Special Mode Winter2022/Polymind Game No. 630 Rogue 357 Adventurer 123 Explorer 150 Win Type - Total 25 Types 19/0/4/1/0/0/0/1/0 Lore% 80 Gallery% 91 Achievement% 76 Wizard Run 0 Options --------- ASCII 0 Keyboard 1 Movement Numpad Keybinds 0 Fullscreen 2 Font 18/X11Bold Map View 76x50 Zoom Use 29% Tactical HUD 1 Map Filters NONE Filters NONE Steam 1 RUN: 3b76beb9-2a1b-4a33-b452-85c80748129f